 Dungeon Crawl Stone Soup version 0.25.1-2-g60ff931df9 (webtiles) character file.

Game seed: 12763423778630043929

160 ArchParadox the Skirmisher (level 5, -1/42 HPs)
             Began as a Mummy Fighter on Oct 15, 2020.
             Was an Initiate of Makhleb.
             Slain by Natasha (2 damage)
             ... on level 2 of the Dungeon.
             The game lasted 00:05:30 (2402 turns).

ArchParadox the Skirmisher (Mummy Fighter)          Turns: 2402, Time: 00:05:31

Health: -1/42      AC:  7    Str: 20    XL:     5   Next: 17%
Magic:  5/5        EV:  7    Int:  7    God:    Makhleb [......]
Gold:   89         SH:  9    Dex: 12    Spells: 4/4 levels left

rFire    x . .     SeeInvis .   a - +1 flail
rCold    + . .     Gourm    .   c - +0 kite shield
rNeg     + + +     Faith    .   b - +0 scale mail
rPois    ∞         Spirit   .   (no helmet)
rElec    .         Reflect  .   (no cloak)
rCorr    .         Harm     .   (no gloves)
MR       .....                  o - +0 pair of boots
Stlth    ..........             (no amulet)
HPRegen  0.14/turn              (no ring)
MPRegen  0.09/turn              (no ring)

@: no status effects
A: no food or potions, fire vulnerability, cold resistance 1, negative energy
resistance 3, torment resistance, unbreathing
a: Renounce Religion


You were on level 2 of the Dungeon.
You worshipped Makhleb.
Makhleb was noncommittal.
You were not hungry.

You visited 1 branch of the dungeon, and saw 3 of its levels.

You collected 89 gold pieces.

Inventory:

Hand Weapons
 a - a +1 flail (weapon)
 q - a +3 club
Missiles
 d - 30 stones (quivered)
 e - 68 arrows
 f - 20 poisoned darts
 k - 21 bolts
Armour
 b - a +0 scale mail (worn)
 c - a +0 kite shield (worn)
 o - a +0 pair of boots (worn)
Jewellery
 j - an uncursed ring of fire {unknown}
Wands
 p - a wand of iceblast (10)
Scrolls
 g - 2 scrolls of remove curse {unknown}
 h - 2 scrolls of identify {unknown}
 i - a scroll of noise
 m - 4 scrolls of teleportation {unknown}
 n - a scroll of enchant armour {unknown}
 r - a scroll of fog {unknown}


   Skills:
 + Level 3.9 Fighting
 * Level 3.3 Maces & Flails
 - Level 2.4 Armour
 + Level 3.2 Shields


You had 4 spell levels left.
You didn't know any spells.
Your spell library was empty.

Dungeon Overview and Level Annotations

Branches:
Dungeon (3/15)

Altars:
Makhleb
Ru
Zin

Annotations:
D:2 Natasha


Innate Abilities, Weirdness & Mutations

You do not eat or drink.
Your flesh is vulnerable to fire.
You are immune to poison.
Your flesh is cold resistant. (rC+)
You are immune to negative energy. (rN+++)
You are immune to unholy pain and torment.
You can survive without breathing.


Message History

You are too injured to fight recklessly!
You are too injured to fight recklessly!
You hit Natasha but do no damage. Natasha claws you but does no damage.
Natasha stares at you and mumbles some strange words.
The magic dart hits you!
* * * LOW HITPOINT WARNING * * *
Your shield and scale mail prevent you from hitting Natasha.
You block Natasha's attack.
You hit Natasha but do no damage. Natasha claws you.
* * * LOW HITPOINT WARNING * * *
You closely miss Natasha. Natasha claws you.
* * * LOW HITPOINT WARNING * * *
Natasha stares at you and mumbles some strange words.
You resist with some effort.
Okay, then.
As you read the scroll labeled NOAVVE WOREST, it crumbles to dust.
You hear a loud clanging noise!
It was a scroll of noise.
You block Natasha's attack.
You closely miss Natasha. Natasha claws you.
You die...

##########
#......^.###########
#..@h...............
#...................
#...........########
#........##.########
#........##.#.......
#........##.........
############.#......
#.._...)...
#.#.#......


You could see Natasha.

Vanquished Creatures
  A hound (D:2)
  A bullfrog skeleton (D:3)
  Ijyb (D:3)
  Natasha (D:2)
  2 adders (D:2)
  A worm (D:3)
  A dart slug (D:2)
  2 leopard geckos
  2 orcs (D:3)
  A ball python (D:1)
  2 giant cockroaches
  A goblin (D:2)
  A hobgoblin (D:1)
  7 kobolds
  3 bats
  A frilled lizard (D:2)
  2 rats
30 creatures vanquished.

Notes
Turn   | Place    | Note
-------+----------+-------------------------------------------
     0 | D:1      | ArchParadox the Mummy Fighter began the quest for the Orb.
     0 | D:1      | Reached XP level 1. HP: 18/18 MP: 1/1
   805 | D:2      | Reached XP level 2. HP: 21/24 MP: 2/2
  1073 | D:2      | Reached XP level 3. HP: 29/29 MP: 3/3
  1076 | D:2      | Found a glowing silver altar of Zin.
  1167 | D:2      | Found a burning altar of Makhleb.
  1226 | D:2      | Became a worshipper of Makhleb the Destroyer
  1289 | D:2      | Noticed Natasha
  1317 | D:2      | Killed Natasha
  1317 | D:2      | Reached XP level 4. HP: 9/36 MP: 4/4
  1580 | D:2      | Found a sacrificial altar of Ru.
  1862 | D:3      | Noticed Ijyb
  1894 | D:3      | Killed Ijyb
  1951 | D:3      | Reached XP level 5. HP: 42/42 MP: 5/5
  2389 | D:2      | Noticed Natasha
  2397 | D:2      | HP: 2/42 [Natasha/magic dart (8)]
  2402 | D:2      | Slain by Natasha

Illustrated notes

Levels and vault maps discovered:
D:1:      beargit_arrival_greenhouse, layout_basic
D:2:      layout_basic, lemuel_crystal_altar, overflow_temple_1_default,
          makhleb_blood_cavern_becter, uniq_natasha
D:3:      layout_loops_corners, lemuel_doored_altar, uniq_ijyb

Skill      XL: |  1  2  3  4 |
---------------+-------------+-----
Maces & Flails | 2 3 |  3.3
Shields        | 3 |  3.2
Fighting       | |  3.9
Armour         | |  2.4

Action                   |  1- 3 |  4- 6 || total
-------------------------+-------+-------++-------
Melee: Flail             |   115 |    56 ||   171
  Use: Scroll            |       |     2 ||     2
Armor: Scale mail        |    60 |    22 ||    82
Dodge: Dodged            |    39 |    12 ||    51
Block: Kite shield       |    53 |    18 ||    71
